 Dungeon Crawl Stone Soup version 0.30.0-20-g3b4254fcbd (webtiles) character file.

Game seed: 13473947636366395186

76120 safid the Gelid (level 15, -1/120 HPs)
             Began as a Merfolk Ice Elementalist on June 1, 2023.
             Was the Champion of Vehumet.
             Slain by a redback (2 damage)
             ... on level 1 of the Spider Nest on June 2, 2023.
             The game lasted 01:08:46 (27426 turns).

safid the Gelid (Merfolk Ice Elementalist)         Turns: 27426, Time: 01:08:47

Health: -1/120     AC:  9    Str:  9 (10) XL:     15   Next: 52%
Magic:  0/29       EV: 13    Int: 19 (21) God:    Vehumet [******]
Gold:   888        SH:  0    Dex: 11 (14) Spells: 15/34 levels left

rFire   . . .        H - +8 trishula "Condemnation" {holy, anguish, *Noise Fly rN+}
rCold   + . .        (no shield)
rNeg    + + .        C - +2 robe
rPois   +            v - +2 helmet
rElec   .            (no cloak)
rCorr   .            A - +1 pair of gloves "Dodasmos" {rN+}
SInv    .            (no boots)
Will    +....        f - amulet of guardian spirit
Stlth   ++           S - ring of poison resistance
HPRegen 0.40/turn    M - ring of protection from cold
MPRegen 0.21/turn

%: guardian spirit
@: flying, studying Unarmed Combat
A: (nimble swimmer 2), mertail
a: Renounce Religion


You were on level 1 of the Spider Nest.
You worshipped Vehumet.
Vehumet was exalted by your worship.
You visited 6 branches of the dungeon, and saw 21 of its levels.
You also visited: Ice Cave.

You collected 3625 gold pieces.
You spent 2737 gold pieces at shops.

Inventory:

Hand Weapons
 H - the +8 trishula "Condemnation" (weapon) {holy, anguish, *Noise Fly rN+}
   (You bought it in a shop on level 5 of the Dungeon)

   rN:        It protects you from negative energy.
   Fly:       It grants you flight.
   *Noise:    It may make noises in combat.
Missiles
 j - 2 throwing nets
 z - 8 curare-tipped darts
Armour
 v - a +2 helmet (worn)
 A - the +1 pair of gloves "Dodasmos" (worn) {rN+}
   (You found it on level 11 of the Dungeon)

   rN:        It protects you from negative energy.
 C - a +2 robe (worn)
Jewellery
 f - an amulet of guardian spirit (around neck)
 o - a ring of flight
 M - a ring of protection from cold (right hand)
 O - a ring of fire
 R - a ring of resist corrosion
 S - a ring of poison resistance (left hand)
Wands
 k - a wand of roots (2)
 u - a wand of charming (12)
 x - a wand of polymorph (2)
 F - a wand of acid (10)
 I - a wand of mindburst (26)
 J - a wand of flame (4)
Scrolls
 c - 3 scrolls of enchant weapon
 e - a scroll of magic mapping
 g - a scroll of silence
 i - 6 scrolls of teleportation
 y - a scroll of fear
 D - 2 scrolls of amnesia
 E - 3 scrolls of fog
 G - 2 scrolls of brand weapon
 N - 2 scrolls of enchant armour
Potions
 a - 5 potions of flight
 b - 3 potions of magic
 d - 2 potions of mutation
 l - 2 potions of haste
 m - 5 potions of invisibility
 p - 2 potions of berserk rage
 q - 4 potions of cancellation
 r - 6 potions of lignification
 s - a potion of might
 t - 6 potions of curing
 w - 6 potions of heal wounds
 L - a potion of resistance
 Q - a potion of experience {unknown}
 T - 2 potions of brilliance
Miscellaneous
 P - a phantom mirror


   Skills:
 - Level 12.0 Fighting
 - Level 14.0 Polearms
 - Level 4.0 Dodging
 - Level 2.1 Stealth
 - Level 10.0 Spellcasting
 - Level 4.0 Conjurations
 - Level 6.0 Translocations
 + Level 19.7 Ice Magic


You had 15 spell levels left.
You knew the following spells:

 Your Spells              Type           Power      Damage    Failure   Level
a - Freeze                Ice            100%       1d10      0%          1
b - Frozen Ramparts       Ice            100%       1d16      0%          3
c - Ozocubu's Armour      Ice            71%        N/A       0%          3
d - Hailstorm             Conj/Ice       53%        3d12      1%          3
e - Ozocubu's Refrigerat  Ice            35%        4d15      1%          7
f - Blink                 Tloc           64%        N/A       1%          2

Your spell library contained the following spells:

 Spells                   Type           Power      Damage    Failure   Level
 Lee's Rapid Deconstruct  Erth           4%         3d5*      45%         5
 Magic Dart               Conj           96%        1d7       1%          1
 Gell's Gravitas          Tloc           32%        N/A       1%          3
 Teleport Other           Tloc           32%        N/A       1%          3
 Summon Ice Beast         Ice/Summ       47%        N/A       1%          4
 Poisonous Vapours        Pois/Air       18%        N/A       3%          2
 Mephitic Cloud           Conj/Pois/Air  14%        N/A       3%          3
 Manifold Assault         Tloc           32%        N/A       6%          4
 Sting                    Tmut/Pois      36%        1d4       8%          1
 Call Imp                 Summ           18%        N/A       11%         2
 Olgreb's Toxic Radiance  Pois           9%         N/A       19%         4
 Dispersal                Tloc           16%        N/A       67%         6
 Storm Form               Tmut/Air       4%         N/A       100%        7


Dungeon Overview and Level Annotations

Branches:
Dungeon (11/15)            Temple (1/1) D:4            Lair (5/5) D:11
  Swamp (1/4) Lair:2       Spider (1/4) Lair:2        Slime (0/5) Lair:5
    Orc (2/2) D:9             Elf (0/3) Orc:2         IceCv (visited)

Altars:
Ashenzari
Cheibriados
Dithmenos
Elyvilon
Fedhas
Gozag
Hepliaklqana
Kikubaaqudgha
Makhleb
Nemelex Xobeh
Okawaru
Qazlal
Ru
Sif Muna
Trog
Uskayaw
Vehumet
Wu Jian
Xom
Yredelemnul
Zin
The Shining One
Jiyva

Shops:
D:3 :   D:5 (   D:6 (   D:10 !   Orc:1 !   Orc:2 !?***

Annotations:
D:3 1 runed translucent door, Crazy Yiuf
D:4 2 runed translucent doors, Wentworth's ghost, amateur MiFi
Lair:2 1 runed translucent door, Lorchiruck's ghost, journeyman MiFi


Innate Abilities, Weirdness & Mutations

((You are very nimble when in or above water. (Stealth+, EV+, Speed+++)))
Your lower body shifts to a powerful aquatic tail in water.


Message History

Something stings you but does no damage.
A redback comes into view.
Something hits you but does no damage. Something hits you.
Something stings you but does no damage.
You feel you are being watched by something.
You feel your power leaking away.
A demonic crawler comes into view.
Found a wand of acid (3).
The redback bites you but does no damage.
The demonic crawler moves out of view.
You feel you are being watched by something.
You feel your power leaking away. The redback barely misses you.
Something hits you. Something hits you! Something stings you!
You feel dopey.
The redback bites you but does no damage.
You feel you are being watched by something.
The redback misses you. Something barely misses you. Something hits you!
* * * LOW HITPOINT WARNING * * *
You feel dopey.
Something stings you but does no damage.
Something hits you.
* * * LOW HITPOINT WARNING * * *
Something hits you!
* * * LOW HITPOINT WARNING * * *
Something stings you.
* * * LOW HITPOINT WARNING * * *
You feel weakened.
You feel you are being watched by something.
You feel better. The redback misses you.
You feel you are being watched by something.
Something hits you.
* * * LOW HITPOINT WARNING * * *
You feel clumsy. Something hits you.
* * * LOW HITPOINT WARNING * * *
Something stings you!
* * * LOW HITPOINT WARNING * * *
The redback bites you.
You die...

#~~...)........#..#
##≈~.....)..........
###~~~......#.........
~###~~~~........^#...####
~≈~≈~~...........##### #
~~~~~............#
..........#.....##
.........#......#
.......<@s......#
.........{.......#
.................#
..#..............#
.......#.........#
................../
........>..........
.........^.......#


You could see a redback.

Vanquished Creatures
  Gastronok (D:11)
  A frost giant (IceCv)
  An orc warlord (D:9)
  The ghost of Murgh the Cleaver, a journeyman MiBe of Trog (Lair:4)
  A spark wasp (Spider:1)
  An entropy weaver (Spider:1)
  2 catoblepae
  3 hydras
  A two-headed ogre (D:9)
  7 death yaks
  A pharaoh ant (Spider:1)
  2 skysharks (Lair:3)
  Lodul (D:11)
  A goliath frog (Lair:5)
  3 orc knights (Orc:2)
  An orc sorcerer (Orc:2)
  2 wolf spiders (Spider:1)
  3 oklob plants (Lair:5)
  5 black mambas
  3 elephants
  17 cane toads
  Psyche (D:8)
  3 demonic crawlers (Spider:1)
  A gargoyle (D:9)
  6 rime drakes (IceCv)
  8 komodo dragons
  3 meliai (Spider:1)
  4 polar bears (IceCv)
  8 trolls
  A burning bush (Lair:5)
  Grinder (D:6)
  3 tyrant leeches (Lair:5)
  2 dream sheep (D:10)
  20 blink frogs
  4 jumping spiders
  A shadow (D:11)
  A vampire (D:5)
  8 culicivoras
  3 wyverns
  A wraith (D:11)
  4 basilisks
  53 yaks
  Menkaure (D:4)
  A steam dragon (D:9)
  10 redbacks
  8 vampire mosquitoes
  2 wargs
  3 swamp worms (Lair:2)
  18 water moccasins
  Duvessa (D:7)
  44 orc warriors
  5 black bears
  2 ice beasts
  15 ogres
  46 wolves
  13 centaurs
  3 phantoms (D:5)
  10 kobold brigands
  A gnoll sergeant (D:9)
  18 bullfrogs
  4 scorpions
  Dowan (D:7)
  10 killer bees
  2 electric eels
  A howler monkey (D:5)
  7 hounds
  4 jellies
  19 orc priests
  3 gnoll boudas
  5 iguanas
  Terence (D:3)
  22 orc wizards
  2 sleepcaps
  28 gnolls
  8 adders
  A shadow imp (D:5)
  3 white imps
  2 ufetubi
  2 worms
  A dart slug (D:5)
  77 orcs
  10 endoplasms
  A giant cockroach (D:2)
  6 goblins
  5 hobgoblins
  8 jackals
  18 kobolds
  5 quokkas
  9 ball pythons
  9 bats
  4 frilled lizards
  3 rats
676 creatures vanquished.

Vanquished Creatures (others)
  3 death yaks
  A fire crab (Lair:1)
  An elephant (Lair:4)
  2 cane toads
  A polar bear (IceCv)
  3 blink frogs
  A vampire (D:11)
  A yak (D:11)
  A wyvern (Lair:1)
  A redback (Lair:2)
  2 orc warriors
  3 ogres
  4 wolves (Lair:2)
24 creatures vanquished.

Grand Total: 700 creatures vanquished

Notes
Turn   | Place    | Note
-------+----------+-------------------------------------------
     0 | D:1      | safid the Merfolk Ice Elementalist began the quest for the
                  | Orb.
     0 | D:1      | Reached XP level 1. HP: 13/13 MP: 3/3
   191 | D:1      | Reached XP level 2. HP: 20/20 MP: 3/5
   244 | D:1      | Reached skill level 1 in Fighting
   598 | D:1      | Reached XP level 3. HP: 26/26 MP: 6/6
  1158 | D:2      | Reached XP level 4. HP: 21/33 MP: 8/8
  1287 | D:2      | Reached skill level 5 in Ice Magic
  1735 | D:2      | Learned a level 3 spell: Frozen Ramparts
  1739 | D:2      | Learned a level 3 spell: Ozocubu's Armour
  2119 | D:3      | Found a blossoming altar of Fedhas.
  2140 | D:3      | Upgraded the game from 0.30.0-19-g36f170ea60 to
                  | 0.30.0-20-g3b4254fcbd
  2170 | D:3      | Found Jodulaeti's Book Shop.
  2170 | D:3      | Noticed a walking crystal tome
  2172 | D:3      | Noticed a walking frostbound tome
  2288 | D:3      | Noticed Terence
  2300 | D:3      | Reached XP level 5. HP: 30/39 MP: 2/9
  2310 | D:3      | Killed Terence
  2404 | D:3      | Found a glowing silver altar of Zin.
  2444 | D:3      | Found a snail-covered altar of Cheibriados.
  2903 | D:3      | Found a runed translucent door.
  2904 | D:3      | Noticed Crazy Yiuf
  3129 | D:3      | Reached XP level 6. HP: 45/47 MP: 11/11
  3394 | D:4      | Found a runed translucent door.
  3397 | D:4      | Noticed Wentworth's ghost (amateur MiFi)
  3484 | D:4      | Found a staircase to the Ecumenical Temple.
  3492 | Temple   | Entered the Ecumenical Temple
  3640 | Temple   | Became a worshipper of Vehumet
  3924 | D:4      | Reached skill level 6 in Ice Magic
  3997 | D:4      | Noticed Menkaure
  4006 | D:4      | Killed Menkaure
  4007 | D:4      | Reached XP level 7. HP: 54/54 MP: 13/13
  4076 | D:4      | Found a runed translucent door.
  4109 | D:5      | Entered Level 5 of the Dungeon
  4130 | D:5      | Learned a level 3 spell: Hailstorm
  4440 | D:5      | Found Rem Lozi's Antique Weapon Shop.
  4590 | D:5      | Reached skill level 1 in Conjurations
  4661 | D:5      | Reached XP level 8. HP: 38/61 MP: 14/14
  4755 | D:5      | Reached skill level 5 in Fighting
  4800 | D:5      | Reached * piety under Vehumet
  4800 | D:5      | Offered knowledge of Foxfire by Vehumet.
  4801 | D:5      | Reached skill level 7 in Ice Magic
  4840 | D:5      | Noticed a vampire
  5149 | D:5      | Reached skill level 5 in Spellcasting
  5212 | D:5      | Noticed a yak
  5219 | D:5      | Killed a yak
  6016 | D:6      | Reached XP level 9. HP: 54/69 MP: 17/17
  6229 | D:6      | Found Qelobil's Antique Weapon Shop.
  6558 | D:6      | Offered knowledge of Shock by Vehumet.
  6590 | D:6      | Reached ** piety under Vehumet
  6663 | D:6      | Noticed Grinder
  6682 | D:6      | Reached skill level 8 in Ice Magic
  6691 | D:6      | Killed Grinder
  7567 | D:7      | Noticed Duvessa
  7573 | D:7      | Noticed Dowan
  7573 | D:7      | Killed Duvessa
  7574 | D:7      | Reached skill level 9 in Ice Magic
  7581 | D:7      | Reached XP level 10. HP: 80/80 MP: 20/20
  7583 | D:7      | Killed Dowan
  8282 | D:8      | Noticed Psyche
  8290 | D:8      | Killed Psyche
  8371 | D:8      | Offered knowledge of Poisonous Vapours by Vehumet.
  8417 | D:8      | Learned a level 7 spell: Ozocubu's Refrigeration
  8420 | D:8      | Learned a level 2 spell: Blink
  8569 | D:8      | Reached *** piety under Vehumet
  8571 | D:8      | Reached skill level 10 in Ice Magic
  8812 | D:8      | Reached skill level 1 in Translocations
  8873 | D:8      | Found a shimmering altar of Xom.
  8978 | D:8      | Found an opulent altar of Gozag.
  8979 | D:8      | Found an iron altar of Okawaru.
  9296 | D:9      | Offered knowledge of Fulminant Prism by Vehumet.
  9412 | D:9      | Identified a scroll of acquirement
  9413 | D:9      | Acquired 869 gold pieces
  9540 | D:9      | Found a sacrificial altar of Ru.
  9548 | D:9      | Found a stormy altar of Qazlal.
  9577 | D:9      | Noticed a two-headed ogre
  9588 | D:9      | Killed a two-headed ogre
  9589 | D:9      | Reached XP level 11. HP: 79/89 MP: 23/23
  9740 | D:9      | Identified the +1 robe of Mirth {*Slow Dex+4}
 10233 | D:9      | Acquired 594 gold pieces
 10424 | D:9      | Found a staircase to the Orcish Mines.
 10441 | D:9      | Reached **** piety under Vehumet
 10449 | D:9      | Reached skill level 10 in Fighting
 10451 | D:9      | Reached skill level 11 in Ice Magic
 10461 | D:9      | Offered knowledge of Yara's Violent Unravelling by Vehumet.
 10755 | D:10     | Entered Level 10 of the Dungeon
 11175 | D:10     | Noticed a two-headed hydra
 11182 | D:10     | Killed a two-headed hydra
 11429 | D:10     | Found a white marble altar of Elyvilon.
 11550 | D:10     | Found Bomnymar's Distillery.
 11679 | D:5      | Bought the +8 trishula "Condemnation" {holy, anguish,
                  | *Noise Fly rN+} for 2059 gold pieces
 11679 | D:5      | Found the +8 trishula "Condemnation" {holy, anguish, *Noise
                  | Fly rN+}
 11892 | D:5      | Reached skill level 1 in Polearms
 12266 | D:11     | Reached XP level 12. HP: 97/99 MP: 25/25
 12272 | D:11     | Reached ***** piety under Vehumet
 12280 | D:11     | Noticed Lodul
 12284 | D:11     | Offered knowledge of Orb of Destruction by Vehumet.
 12295 | D:11     | Killed Lodul
 12436 | D:11     | Found a staircase to the Lair.
 12466 | D:11     | Reached skill level 5 in Polearms
 12497 | D:11     | Identified the +1 pair of gloves "Dodasmos" {rN+}
 12551 | D:11     | Reached skill level 5 in Translocations
 12902 | D:11     | Noticed Gastronok
 12918 | D:11     | Killed Gastronok
 12919 | D:11     | Reached skill level 12 in Ice Magic
 13134 | D:11     | Identified the +1 leather armour of Devotion {rF++ Int-5
                  | SInv Stlth+}
 13305 | Lair:1   | Entered Level 1 of the Lair of Beasts
 13708 | Lair:1   | Reached skill level 10 in Spellcasting
 14272 | Lair:1   | Noticed a catoblepas
 14293 | Lair:1   | Killed a catoblepas
 14763 | Lair:2   | Reached XP level 13. HP: 107/107 MP: 27/27
 15162 | Lair:2   | Found a staircase to the Swamp.
 15371 | Lair:2   | Reached skill level 10 in Polearms
 15544 | Lair:2   | Offered knowledge of Sticky Flame by Vehumet.
 15545 | Lair:2   | Reached skill level 13 in Ice Magic
 16133 | Lair:2   | Found a hole to the Spider Nest.
 16795 | Lair:2   | Found a runed translucent door.
 16796 | Lair:2   | Noticed Lorchiruck's ghost (journeyman MiFi)
 18733 | Lair:4   | Reached skill level 14 in Ice Magic
 18733 | Lair:4   | Reached XP level 14. HP: 71/115 MP: 10/28
 18987 | Lair:4   | Noticed Murgh's ghost (journeyman MiBe)
 18989 | Lair:4   | Found a runed translucent gate.
 18989 | Lair:4   | Found a runed translucent gate.
 18989 | Lair:4   | Found a runed translucent gate.
 19442 | Lair:4   | Killed Murgh's ghost
 19447 | Lair:4   | Offered knowledge of Iskenderun's Battlesphere by Vehumet.
 19734 | Lair:5   | Entered Level 5 of the Lair of Beasts
 20066 | Lair:5   | Reached skill level 15 in Ice Magic
 20563 | Lair:5   | Reached skill level 16 in Ice Magic
 21146 | Lair:5   | Found a viscous altar of Jiyva.
 21537 | Lair:5   | Found a staircase to the Slime Pits.
 22115 | Orc:1    | Entered Level 1 of the Orcish Mines
 22115 | Orc:1    | Noticed an orc warlord
 22667 | D:9      | Killed an orc warlord
 22835 | Orc:1    | Offered knowledge of Plasma Beam by Vehumet.
 23145 | Orc:1    | Found Jeseasank's Distillery.
 23194 | Orc:1    | Bought a potion of might for 48 gold pieces
 23194 | Orc:1    | Bought a potion of lignification for 36 gold pieces
 23194 | Orc:1    | Bought a potion of brilliance for 48 gold pieces
 23579 | Orc:2    | Entered Level 2 of the Orcish Mines
 23688 | Orc:2    | Reached skill level 17 in Ice Magic
 23800 | Orc:2    | Found Zuadanal's Overcharged Wands.
 23898 | Orc:2    | Found a frozen archway.
 23907 | IceCv    | Entered an ice cave
 24248 | IceCv    | Reached skill level 18 in Ice Magic
 24248 | IceCv    | Reached XP level 15. HP: 69/120 MP: 19/29
 24427 | IceCv    | Noticed a frost giant
 24449 | IceCv    | Killed a frost giant
 25365 | Orc:2    | Found a burning altar of Makhleb.
 25525 | Orc:2    | Reached ****** piety under Vehumet
 25567 | Orc:2    | Reached skill level 19 in Ice Magic
 25698 | Orc:2    | Found a staircase to the Elven Halls.
 25824 | Orc:2    | Found Ilaeqe's Magic Scroll Emporium.
 25824 | Orc:2    | Found Vyomoepo's General Store.
 25824 | Orc:2    | Found Qekog's General Store.
 25827 | Orc:2    | Found Duplyx's Distillery.
 26354 | Orc:2    | Bought a scroll of identify for 22 gold pieces
 26354 | Orc:2    | Bought a potion of heal wounds for 55 gold pieces
 26354 | Orc:2    | Bought a scroll of teleportation for 33 gold pieces
 26354 | Orc:2    | Bought a potion of heal wounds for 55 gold pieces
 26357 | Orc:2    | Bought a scroll of teleportation for 45 gold pieces
 26358 | Orc:2    | Bought a scroll of identify for 32 gold pieces
 26358 | Orc:2    | Bought a scroll of identify for 32 gold pieces
 26358 | Orc:2    | Bought a scroll of identify for 32 gold pieces
 26364 | Orc:2    | Bought a potion of heal wounds for 75 gold pieces
 26364 | Orc:2    | Bought 2 potions of curing for 90 gold pieces
 26364 | Orc:2    | Bought a potion of heal wounds for 75 gold pieces
 26572 | Swamp:1  | Entered Level 1 of the Swamp
 26578 | Swamp:1  | Noticed a fenstrider witch
 26936 | Spider:1 | Entered Level 1 of the Spider Nest
 26937 | Spider:1 | Offered knowledge of Lee's Rapid Deconstruction by Vehumet.
 27426 | Spider:1 | HP: 1/120 [something (11)]
 27426 | Spider:1 | Slain by a redback

Illustrated notes

Levels and vault maps discovered:
D:1:      dpeg_arrival_refuge, layout_rooms, serial_curves, eino_curves_04,
          eino_curves_01
D:2:      kennysheep_big_flooded_room, layout_basic, serial_forest,
          infiniplex_forest_clump_curved, infiniplex_forest_end_2,
          infiniplex_forest_straight_2, infiniplex_forest_end_3,
          infiniplex_forest_clump_small, infiniplex_forest_lined_corner,
          infiniplex_forest_clump_small, infiniplex_forest_lined_room_,
          infiniplex_forest_clump_medium
D:3:      layout_loops_corners, mainiacjoe_overflow_24_doors,
          mainiacjoe_overflow_cross_hatched, mainiacjoe_overflow_alcove_2,
          serial_shops, nicolae_shop_mannequins, uniq_terence,
          uniq_crazy_yiuf_cottage
D:4:      layout_basic, minmay_temple_entry_glassed_door, ebering_ghost_sewer_f,
          uniq_menkaure
D:5:      cheibrodos_fzero, layout_cave_pods, serial_shops,
          nicolae_lakefront_shop, minmay_misc_feat_roman
D:6:      layout_basic, kennysheep_cross_room, corexii_item_surrounded_by_moat,
          nicolae_stop_n_shop_1, uniq_grinder
D:7:      layout_rooms, uniq_duvessa
D:8:      layout_cave_pools, kennysheep_mini_moat,
          mainiacjoe_overflow_divided_tiny, uniq_psyche
D:9:      layout_cave_pods, nicolae_overflow_squiral,
          kennysheep_orc_monster_closet_entryway, dreamdust_wishing_well,
          minivault_10, minmay_misc_feat_room, grunt_ministairs_13,
          kennysheep_generic_room_13
D:10:     layout_cave_pools, lemuel_crystal_altar, serial_shops,
          nicolae_shop_back_alley_shop, hangedman_ranch
D:11:     layout_rooms, minmay_lair_entry_grove, uniq_lodul, uniq_gastronok
Temple:   hellmonk_temple_forest_ring
Lair:1:   layout_long_grid, grunt_megastairs_4
Lair:2:   layout_gridlike, minmay_swamp_entry_worms,
          spider_nest_entry_funnel_web, gammafunk_ghost_grave,
          grunt_forest_large_clearings, grunt_megastairs_3
Lair:3:   layout_layer_cave, grunt_forest_small_clearings, beast_lair_carwin_11,
          infiniplex_staircase_pool_2
Lair:4:   layout_gridlike, gammafunk_ghost_split
Lair:5:   minmay_lair_end_frog_pond, layout_cave_shapes,
          minmay_slime_entry_oklob_open, evilmike_ambush
          [evilmike_ambush_outer_pillars, evilmike_ambush_inner_basic],
          lemuel_fruit_fields
Swamp:1:  layout_basic_swamp, nicolae_swamp_small_spring,
          infiniplex_staircase_pool
Spider:1: nicolae_spider_hilbert_zone_3 [nicolae_spider_hilbert_4_sides_2_open,
          nicolae_spider_hilbert_3_sides_1_open,
          nicolae_spider_hilbert_3_sides_1_open,
          nicolae_spider_hilbert_3_sides_1_open,
          nicolae_spider_hilbert_3_sides_1_open,
          nicolae_spider_hilbert_4_sides_1_open,
          nicolae_spider_hilbert_4_sides_1_open,
          nicolae_spider_hilbert_4_sides_1_open,
          nicolae_spider_hilbert_4_sides_1_open,
          nicolae_spider_hilbert_4_sides_1_open,
          nicolae_spider_hilbert_4_sides_1_open,
          nicolae_spider_hilbert_4_sides_1_open,
          nicolae_spider_hilbert_4_sides_1_open,
          nicolae_spider_hilbert_3_sides_1_open,
          nicolae_spider_hilbert_3_sides_1_open,
          nicolae_spider_hilbert_3_sides_1_open,
          nicolae_spider_hilbert_3_sides_1_open], nicolae_spider_circle_web,
          worms_lemuel
Orc:1:    layout_caves, serial_shops, shop, mines1_david
Orc:2:    st_orc_rangers, layout_diamond_mine, basic_altar,
          portal_ice_cave_entry_pillars_1, nicolae_shop_overcharged_wands

Skill      XL: |  1  2  3  4  5  6  7  8  9 10 11 12 13 14 15 |
---------------+----------------------------------------------+-----
Fighting       | 1 2 3 4 6 7 9 10 11 12 | 12.0
Ice Magic      | 5 6 7 9 10 11 12 14 18 19 | 19.7
Spellcasting   | 3 4 5 7 8 9 10 | 10.0
Dodging        | 3 4 |  4.0
Conjurations   | 1 3 4 |  4.0
Translocations | 2 4 5 6 |  6.0
Polearms       | 2 8 13 14 | 14.0
Stealth        | |  2.1

Action                     |  1- 3 |  4- 6 |  7- 9 | 10-12 | 13-15 || total
---------------------------+-------+-------+-------+-------+-------++-------
  Melee: Dagger            |    20 |       |   189 |   185 |       ||   394
         Punch             |     1 |     2 |     5 |     7 |    11 ||    26
         Trident           |    24 |   121 |    47 |       |       ||   192
         Trishula          |       |       |       |   161 |   778 ||   939
         Tailslap          |       |       |       |     1 |       ||     1
   Cast: Freeze            |    31 |     6 |     6 |    16 |    21 ||    80
         Frozen Ramparts   |       |     5 |    40 |    65 |    82 ||   192
         Ozocubu's Armour  |       |     2 |    24 |    51 |    64 ||   141
         Hailstorm         |       |       |       |     5 |     1 ||     6
         Ozocubu's Refrige |       |       |       |     1 |    69 ||    70
         Blink             |       |       |       |     1 |     1 ||     2
    Use: Scroll            |       |       |    15 |    13 |     8 ||    36
         Potion            |       |       |     1 |     6 |     3 ||    10
   Stab: Sleeping          |     7 |     7 |     1 |     1 |     1 ||    17
 Armour: Robe              |    18 |    26 |    82 |   160 |   305 ||   591
  Dodge: Dodged            |    31 |    64 |   140 |   224 |   451 ||   910
